 Dungeon Crawl Stone Soup version 0.30.0-30-g96aa6591b8 (webtiles) character file.

Game seed: 6112906696769935475

9 Peloso the Covered (level 2, 27/27 HPs)
             Began as a Minotaur Fighter on June 26, 2023.
             Got out of the dungeon alive.
             The game lasted 00:00:47 (340 turns).

Peloso the Covered (Minotaur Fighter)                Turns: 340, Time: 00:00:48

Health: 27/27      AC:  7    Str: 20    XL:     2   Next: 3%
Magic:  1/1        EV:  9    Int:  3    God:
Gold:   21         SH:  4    Dex:  9    Spells: 1/1 levels left

rFire   . . .        a - +0 long sword
rCold   . . .        c - +0 buckler
rNeg    . . .        b - +0 scale mail
rPois   +            (helmet unavailable)
rElec   .            (no cloak)
rCorr   .            (no gloves)
SInv    .            (no boots)
Will    .....        (no amulet) Stlth
                     (no ring)
HPRegen 0.24/turn    (no ring)
MPRegen 0.07/turn

%: no passive effects
@: no status effects
A: horns 3, retaliatory headbutt, dopey 1, poison resistance, MP-powered wands
a: no special abilities


You escaped.
You visited 1 branch of the dungeon, and saw 1 of its levels.

You collected 21 gold pieces.

Inventory:

Hand Weapons
 a - a +0 long sword (weapon)
Armour
 b - a +0 scale mail (worn)
 c - a +0 buckler (worn)
Potions
 d - a potion of might
 e - 2 potions of curing {unknown}


   Skills:
 + Level 3.8 Fighting
 + Level 2.5 Long Blades
 + Level 3.9 Armour
 + Level 3.8 Shields


You had one spell level left.
You didn't know any spells.
Your spell library was empty.

Dungeon Overview and Level Annotations

Branches:
Dungeon (1/15)

Altars:


Innate Abilities, Weirdness & Mutations

You have a pair of large horns on your head.
You reflexively headbutt those who attack you in melee.
You are dopey. (Int -2)
Your system is resistant to poisons. (rPois)
You expend magic power (3 MP) to strengthen your wands.


Message History

a +0 dagger; a goblin corpse A ball python comes into view.
The ball python hisses angrily.
A ball python is nearby!
A ball python is nearby!
You hit the ball python.
You kill the ball python!
You now have 21 gold pieces (gained 9).
e - 2 cyan potions
Found 5 stones.
f - a green potion It was a potion of mutation.
You feel extremely strange.
You feel your magical essence link to the dungeon's wands.
You feel strong-willed.
(D) Dungeon
Where to? (? - help)
What level of the Dungeon? (default 1, ? - help)
A giant cockroach comes into view.
Found a potion of mutation.
The giant cockroach bites you but does no damage.
You block the giant cockroach's attack.
You slash the giant cockroach!
You kill the giant cockroach!
You have reached level 2!
You see here a giant cockroach corpse.
You see here a potion of mutation.
f - a potion of mutation Really quaff the potion of mutation?
You feel extremely strange.
You no longer feel strong-willed.
Your magical essence no longer links to wands of the dungeon.
You feel stupid. The horns on your head grow some more.
You feel your magical essence link to the dungeon's wands.
You feel resistant to poisons.
(D) Dungeon
Where to? (Enter - D:1 @ (x,y), ? - help)
What level of the Dungeon? (default 1, ? - help)
There is a staircase leading out of the dungeon here.
Are you sure you want to leave the Dungeon?
This will make you lose the game!
You have escaped!

##########.# #.# #.###
#.......# #.# #....
#..###..# #.# ####)
###.###..###.######.
##~#.#~##............
##~♣...P~#####.######.
##( #~♣8♣.P8P~# #.# #. ..
#~♣...P~## #.# #. #
##~..@.P~## #.# #. ##
#~.8..P8P~# #.# #. .# #
##~.~.~P~## #.# ###.
.##.# ##~#.#~## #.####...
....# ###.### #...>..#.
.## #..# ######.## .#
#.## #.##
###############.# ##.##
.†..............#########
##)..#


There were no monsters in sight!

Vanquished Creatures
  A ball python (D:1)
  A giant cockroach (D:1)
  4 goblins (D:1)
  A kobold (D:1)
  A rat (D:1)
8 creatures vanquished.

Notes
Turn   | Place    | Note
-------+----------+-------------------------------------------
     0 | D:1      | Peloso the Minotaur Fighter began the quest for the Orb.
     0 | D:1      | Reached XP level 1. HP: 19/19 MP: 0/0
   310 | D:1      | Gained mutation: You expend magic power (3 MP) to
                  | strengthen your wands. [potion of mutation]
   310 | D:1      | Gained mutation: You are strong-willed. (Will+) [potion of
                  | mutation]
   315 | D:1      | Reached XP level 2. HP: 27/27 MP: 1/1
   318 | D:1      | Lost mutation: You are strong-willed. (Will+) [potion of
                  | mutation]
   318 | D:1      | Lost mutation: You expend magic power (3 MP) to strengthen
                  | your wands. [potion of mutation]
   318 | D:1      | Gained mutation: You are dopey. (Int -2) [potion of
                  | mutation]
   318 | D:1      | Gained mutation: You have a pair of large horns on your
                  | head. [potion of mutation]
   318 | D:1      | Gained mutation: You expend magic power (3 MP) to
                  | strengthen your wands. [potion of mutation]
   318 | D:1      | Gained mutation: Your system is resistant to poisons.
                  | (rPois) [potion of mutation]
   340 | D:$      | Got out of the dungeon alive.

Illustrated notes

Levels and vault maps discovered:
D:1:      ldierk_walled_garden_2, layout_loops_ring

Action                     || total
---------------------------++-------
  Melee: Long sword        ||    18
         Headbutt          ||     3
    Use: Potion            ||     2
 Armour: Scale mail        ||     4
  Dodge: Dodged            ||     9
  Block: Buckler           ||     2
